 Dungeon Crawl Stone Soup version 0.31-a0-851-g7ff8af7976 (webtiles) character file.

Game seed: 5890652184135684927

30593 JayJaygamer2134567 the Warmonger (level 13, -3/103 HPs)
             Began as a Demonspawn Fighter on Oct 6, 2023.
             Was a High Priest of Okawaru.
             Slain by a phantasmal warrior (21 damage)
             ... led by a death knight
             ... on level 15 of the Dungeon.
             The game lasted 01:33:24 (14759 turns).

JayJaygamer2134567 the Warmonger (DsFi)            Turns: 14759, Time: 01:33:25

Health: -3/103     AC: 30    Str: 20    XL:     13   Next: 21%
Magic:  21/21      EV:  7    Int:  7    God:    Okawaru [*****.]
Gold:   226        SH: 13    Dex: 14    Spells: 12/12 levels left

rFire   + . .        q - +8 whip "Nuefeak" {vamp, rN+ Will+ Int-3}
rCold   + + .        Z - +2 buckler
rNeg    + . .        a - +3 plate armour {rC+}
rPois   +            s - +2 helmet
rElec   +            z - +1 cloak {rCorr}
rCorr   +            (gloves unavailable)
SInv    .            O - +2 pair of boots {Stlth+}
Will    .....        x - amulet of reflection Stlth
                     d - ring of resist corrosion
HPRegen 0.37/turn    G - +4 ring of protection
MPRegen 0.17/turn

%: reflection
@: resistant, weak-willed
A: claws 3, foul stench 2, powered by death 2, sturdy frame 1
a: Renounce Religion, Heroism, Finesse, Duel


You were on level 15 of the Dungeon.
You worshipped Okawaru.
Okawaru was extremely pleased with you.
You visited 2 branches of the dungeon, and saw 16 of its levels.

You collected 855 gold pieces.
You spent 629 gold pieces at shops.

Inventory:

Hand Weapons
 q - the +8 whip "Nuefeak" (weapon) {vamp, rN+ Will+ Int-3}
   (You found it on level 2 of the Dungeon)

   Int-3:     It affects your intelligence (-3).
   rN+:       It protects you from negative energy.
   Will+:     It increases your willpower.
Missiles
 b - a boomerang
 w - 15 throwing nets
Armour
 a - a +3 plate armour of cold resistance (worn)
 s - a +2 helmet (worn)
 z - a +1 cloak of preservation (worn)
 O - a +2 pair of boots of stealth (worn)
 Z - a +2 buckler (worn)
Jewellery
 d - a ring of resist corrosion (left claw)
 x - an amulet of reflection (around neck)
 E - a ring of fire
 G - a +4 ring of protection (right claw)
 L - a ring of willpower
 V - an amulet of the acrobat
Talismans
 h - a flux talisman
 p - a beast talisman
 H - a serpent talisman
Wands
 C - a wand of light (8)
 D - a wand of paralysis (11)
 M - a wand of flame (18)
 W - a wand of roots (6)
Scrolls
 n - 2 scrolls of amnesia
 r - 4 scrolls of teleportation
 v - 2 scrolls of enchant weapon
 y - 2 scrolls of fog
 I - 2 scrolls of revelation
 N - a scroll of torment
 R - 2 scrolls of vulnerability
 U - a scroll of blinking
 Y - a scroll of silence
Potions
 c - a potion of brilliance
 e - 2 potions of degeneration
 f - 8 potions of curing
 i - 6 potions of haste
 k - 4 potions of invisibility
 l - 4 potions of attraction
 o - a potion of enlightenment
 A - 2 potions of lignification
 F - 5 potions of ambrosia
 P - a potion of cancellation
 Q - a potion of mutation {unknown}
 X - a potion of berserk rage {unknown}


   Skills:
 + Level 10.2 Fighting
 - Level 1.0 Short Blades
 - Level 2.0(5.7) Axes
 + Level 8.6(8.7) Maces & Flails
 + Level 9.3 Armour
 + Level 9.4 Shields
 + Level 8.6 Unarmed Combat
 + Level 10.7 Invocations


You had 12 spell levels left.
You didn't know any spells.
Your spell library contained the following spells:

 Spells                   Type           Power      Damage    Failure   Level
 Freeze                   Ice            0%         1d3       99%         1
 Shock                    Conj/Air       0%         1d3       99%         1
 Lesser Beckoning         Tloc           0%         N/A       100%        2
 Static Discharge         Conj/Air       0%         2-2/arc   100%        2
 Frozen Ramparts          Ice            0%         1d1       100%        3
 Gell's Gravitas          Tloc           0%         N/A       100%        3
 Hailstorm                Conj/Ice       0%         3d3       100%        3
 Inner Flame              Hex/Fire       0%         N/A       100%        3
 Ozocubu's Armour         Ice            0%         N/A       100%        3
 Swiftness                Air            0%         N/A       100%        3
 Teleport Other           Tloc           0%         N/A       100%        3
 Airstrike                Air            0%         2d(0-16)  100%        4
 Sticky Flame             Conj/Fire      0%         2d3       100%        4
 Yara's Violent Unravell  Hex/Tmut       0%         3d3       100%        5
 Eringya's Noxious Bog    Tmut/Pois      0%         4d6       100%        6
 Enfeeble                 Hex            0%         N/A       100%        7
 Ozocubu's Refrigeration  Ice            0%         4d7       100%        7
 Death's Door             Necr           0%         N/A       100%        9
 Summon Lightning Spire   Summ/Air       Unusable   N/A       N/A         4
 Summon Forest            Summ/Tloc      Unusable   N/A       N/A         5
 Death Channel            Necr           Unusable   N/A       N/A         6
 Summon Hydra             Summ           Unusable   N/A       N/A         7

Dungeon Overview and Level Annotations

Branches:
Dungeon (15/15)            Temple (1/1) D:5            Lair (0/5) D:10
    Orc (0/2) D:9          Vaults (0/5) D:14
 Depths: D:15

Altars:
Ashenzari
Cheibriados
Dithmenos
Fedhas
Gozag
Hepliaklqana
Kikubaaqudgha
Makhleb
Nemelex Xobeh
Okawaru
Qazlal
Ru
Sif Muna
Trog
Uskayaw
Vehumet
Wu Jian
Xom
Yredelemnul

Shops:
D:2 (   D:3 [   D:4 [   D:10 [   D:13 [

Annotations:
D:14 2 transporters, Cadaeck's ghost, journeyman GrFi; Roxanne


Innate Abilities, Weirdness & Mutations

You have claws for hands.
You sometimes emit foul miasma when damaged in melee.
You regenerate health from kills.
Your movements are slightly less encumbered by armour. (ER -2)


Message History

You block the phantasmal warrior's attack.
You block the death knight's attack.
You hit the death knight but do no damage.
The death knight is moderately wounded.
You hit the phantasmal warrior.
The phantasmal warrior is lightly damaged.
You block the phantasmal warrior's attack.
The death knight completely misses you.
You completely miss the death knight.
The death knight is moderately wounded.
You block the phantasmal warrior's attack.
The death knight hits you with a +2 broad axe.
You barely miss the phantasmal warrior.
The phantasmal warrior is lightly damaged.
You whack the phantasmal warrior!
The phantasmal warrior is moderately damaged.
The death knight hits you with a +2 broad axe!!
* * * LOW HITPOINT WARNING * * *
The phantasmal warrior hits you!
* * * LOW HITPOINT WARNING * * *
Your willpower is stripped away!
You emit a cloud of foul miasma!
The phantasmal warrior gestures at you.
The phantasmal warrior blinks!
The death knight barely misses you.
You hit the death knight.
You feel better.
The death knight is moderately wounded.
The phantasmal warrior barely misses you.
The death knight offers itself to Yredelemnul, and fills with unholy energy.
You closely miss the death knight.
The death knight is moderately wounded.
As you read the scroll of fear, it crumbles to dust.
You assume a fearsome visage.
The death knight looks frightened!
The phantasmal warrior is unaffected.
The phantasmal warrior hits you but does no damage.
It was a potion of resistance.
You feel protected.
You block the phantasmal warrior's attack.
You hit the phantasmal warrior.
The phantasmal warrior is moderately damaged.
The phantasmal warrior hits you!!
You die...

###+#######
#......<...
+......#
#.....W#
+.p..@.####
#..........+
#.....######
#.....##.#
#....(...#
....#####.#p#
.... #.#.#
..... #.#.#
.... #.#.#


You could see a death knight (reflects damage, fleeing) and a phantasmal
warrior.

Vanquished Creatures
  An ettin (D:14)
  A hydra (D:13)
  A catoblepas (D:13)
  2 boulder beetles
  2 centaur warriors (D:13)
  6 two-headed ogres
  A tengu warrior (D:14)
  A phantasmal warrior (D:14)
  A deep elf pyromancer (D:14)
  8 ugly things
  2 manticores
  Joseph (D:8)
  Maurice (D:8)
  Jeremiah (D:8)
  4 gargoyles
  2 unseen horrors
  2 efreet
  A kobold demonologist (D:11)
  2 freezing wraiths (D:15)
  A queen bee (D:11)
  5 trolls
  A hornet (D:8)
  A wind drake (shapeshifter) (D:14)
  7 slime creatures
  3 shadows
  A vampire (D:14)
  2 wraiths (D:13)
  20 yaks
  3 wyverns
  3 vampire mosquitoes (D:10)
  Grum (D:6)
  3 water moccasins
  An acid dragon (D:10)
  An orc warrior (D:9)
  2 black bears (D:10)
  3 ice beasts
  A tengu (shapeshifter) (D:14)
  An ogre (D:6)
  A wolf (D:6)
  A centaur (D:10)
  4 kobold brigands
  2 phantoms
  3 bullfrogs
  5 gnoll sergeants
  2 scorpions
  3 wights (D:7)
  34 killer bees
  4 howler monkeys
  6 orc priests
  16 hounds
  A jelly (D:5)
  2 gnoll boudas (D:6)
  2 sleepcaps
  2 iguanas (D:6)
  Terence (D:3)
  Natasha (thrice) (D:2)
  12 orc wizards
  A boggart simulacrum (D:14)
  39 gnolls
  6 adders
  A white imp (D:7)
  2 worms (D:3)
  3 dart slugs
  35 orcs
  11 endoplasms
  4 giant cockroaches
  13 goblins
  9 hobgoblins
  12 jackals
  27 kobolds
  9 quokkas
  9 ball pythons
  7 bats
  4 frilled lizards
  6 rats
402 creatures vanquished.

Vanquished Creatures (collateral kills)
  An endoplasm (D:1)
  A giant cockroach (D:1)
  A rat (D:1)
3 creatures vanquished.

Vanquished Creatures (others)
  A kobold demonologist (D:11)
1 creature vanquished.

Grand Total: 406 creatures vanquished

Notes
Turn   | Place    | Note
-------+----------+-------------------------------------------
     0 | D:1      | JayJaygamer2134567 the Demonspawn Fighter began the quest
                  | for the Orb.
     0 | D:1      | Reached XP level 1. HP: 18/18 MP: 1/1
    81 | D:1      | Gained mutation: You have sharp fingernails. [demonic
                  | ancestry]
    81 | D:1      | Reached XP level 2. HP: 21/24 MP: 2/2
   248 | D:1      | Reached XP level 3. HP: 28/29 MP: 3/3
   758 | D:2      | Noticed Natasha
   769 | D:2      | Killed Natasha
   770 | D:2      | Reached skill level 1 in Unarmed Combat
   770 | D:2      | Gained mutation: Your movements are slightly less
                  | encumbered by armour. (ER -2) [demonic ancestry]
   770 | D:2      | Reached XP level 4. HP: 18/35 MP: 4/4
   851 | D:2      | Found Daamn's Weapon Emporium.
   922 | D:2      | Noticed Natasha
   933 | D:2      | Killed Natasha
  1079 | D:2      | Noticed Natasha
  1096 | D:2      | Killed Natasha
  1451 | D:2      | Identified the +8 whip "Nuefeak" {vamp, rN+ Will+ Int-3}
  1562 | D:3      | Got a conspicuous book
  1592 | D:3      | Reached XP level 5. HP: 42/42 MP: 5/5
  1600 | D:3      | Reached skill level 1 in Short Blades
  1639 | D:3      | Found a snail-covered altar of Cheibriados.
  1703 | D:3      | Noticed Terence
  1709 | D:3      | Killed Terence
  1837 | D:3      | Found Tytri's Armour Boutique.
  1847 | D:3      | Bought a +0 cloak for 54 gold pieces
  2078 | D:3      | Found a shadowy altar of Dithmenos.
  2216 | D:3      | Noticed an ice beast
  2222 | D:3      | Reached skill level 1 in Maces & Flails
  2229 | D:3      | Killed an ice beast
  2230 | D:3      | Reached XP level 6. HP: 48/48 MP: 6/6
  2616 | D:4      | Noticed a water moccasin
  2625 | D:4      | Killed a water moccasin
  2626 | D:4      | Gained mutation: You have very sharp fingernails. [demonic
                  | ancestry]
  2626 | D:4      | Reached XP level 7. HP: 50/55 MP: 7/7
  2774 | D:4      | Found a broken altar of Ashenzari.
  2787 | D:4      | Found a blossoming altar of Fedhas.
  2881 | D:4      | Found Paufreel's Antique Armour Emporium.
  2891 | D:4      | Bought a runed cloak for 157 gold pieces
  3099 | D:5      | Entered Level 5 of the Dungeon
  3610 | D:5      | Found a staircase to the Ecumenical Temple.
  3619 | Temple   | Entered the Ecumenical Temple
  3661 | Temple   | Became a worshipper of Warmaster Okawaru
  3767 | D:6      | Reached skill level 5 in Fighting
  3843 | D:6      | Gained mutation: You may rarely emit foul miasma when
                  | damaged in melee. [demonic ancestry]
  3843 | D:6      | Reached XP level 8. HP: 62/62 MP: 8/8
  3915 | D:6      | Reached skill level 5 in Shields
  3977 | D:6      | Noticed Grum
  3984 | D:6      | Killed Grum
  3984 | D:6      | Reached * piety under Okawaru
  3985 | D:6      | Reached skill level 5 in Armour
  4145 | D:6      | Identified the +1 pair of gloves of Freedom {rPois Dex+4}
  4204 | D:6      | Reached skill level 1 in Invocations
  4257 | D:6      | Reached ** piety under Okawaru
  4396 | D:6      | Reached XP level 9. HP: 69/69 MP: 9/11
  4645 | D:6      | Found a hazy altar of Hepliaklqana.
  4649 | D:6      | Found a bloodstained altar of Trog.
  5193 | D:7      | Reached *** piety under Okawaru
  5194 | D:7      | Reached skill level 5 in Unarmed Combat
  5544 | D:8      | Noticed a two-headed ogre
  5559 | D:8      | Killed a two-headed ogre
  5560 | D:8      | Reached skill level 5 in Maces & Flails
  5560 | D:8      | Reached skill level 5 in Invocations
  5703 | D:8      | Gained mutation: You regenerate a little health from kills.
                  | [demonic ancestry]
  5703 | D:8      | Reached XP level 10. HP: 76/77 MP: 13/13
  5812 | D:8      | Noticed Joseph
  5827 | D:8      | Killed Joseph
  5827 | D:8      | Reached **** piety under Okawaru
  6200 | D:8      | Noticed Maurice
  6222 | D:8      | Killed Maurice
  6263 | D:8      | Noticed Jeremiah
  6295 | D:8      | Killed Jeremiah
  6761 | D:9      | Found a burning altar of Makhleb.
  6811 | D:9      | Found a staircase to the Orcish Mines.
  6824 | D:9      | Reached ***** piety under Okawaru
  7055 | D:9      | Noticed a gargoyle
  7095 | D:9      | Killed a gargoyle
  7096 | D:9      | Gained mutation: You regenerate health from kills. [demonic
                  | ancestry]
  7096 | D:9      | Reached XP level 11. HP: 76/86 MP: 10/16
  7133 | D:9      | Found a sacrificial altar of Ru.
  7421 | D:10     | Entered Level 10 of the Dungeon
  7534 | D:10     | Found a staircase to the Lair.
  7559 | D:10     | Received a gift from Okawaru
  7656 | D:10     | Found a radiant altar of Vehumet.
  8110 | D:10     | Found Ahuthraeck's Antique Armour Emporium.
  8113 | D:10     | Bought a pair of glowing boots for 187 gold pieces
  8377 | D:11     | Noticed a two-headed ogre
  8401 | D:11     | Killed a two-headed ogre
  8761 | D:11     | Received a gift from Okawaru
  9169 | D:12     | Noticed a two-headed ogre
  9185 | D:12     | Killed a two-headed ogre
  9199 | D:12     | Gained mutation: You have claws for hands. [demonic
                  | ancestry]
  9199 | D:12     | Reached XP level 12. HP: 30/95 MP: 18/18
  9404 | D:12     | Noticed a two-headed ogre
  9418 | D:12     | Killed a two-headed ogre
  9698 | D:12     | Received a gift from Okawaru
  9924 | D:12     | Noticed a two-headed ogre
  9942 | D:12     | Killed a two-headed ogre
  9950 | D:12     | Identified the +3 leather armour of Understanding {rPois
                  | Will- Str-2 Dex+6}
 10085 | D:12     | Noticed a two-headed ogre
 10104 | D:12     | Killed a two-headed ogre
 10783 | D:13     | Noticed a centaur warrior
 10785 | D:13     | Killed a centaur warrior
 10805 | D:13     | Noticed a catoblepas
 10859 | D:13     | Killed a catoblepas
 10894 | D:13     | Noticed an eight-headed hydra
 10910 | D:13     | Killed an eight-headed hydra
 11009 | D:13     | Found Iharisil's Armour Shoppe.
 11019 | D:13     | Bought a +2 buckler for 231 gold pieces
 11070 | D:13     | Noticed a centaur warrior
 11081 | D:13     | Killed a centaur warrior
 11299 | D:13     | Noticed a boulder beetle
 11351 | D:13     | Killed a boulder beetle
 11501 | D:13     | Paralysed by an efreet for 2 turns
 11523 | D:13     | Reached skill level 10 in Invocations
 11944 | D:14     | Found a transporter.
 11946 | D:14     | Noticed Cadaeck's ghost (journeyman GrFi)
 11946 | D:14     | Noticed a death knight
 11951 | D:14     | Noticed a death knight
 11952 | D:14     | Noticed a vampire knight
 12210 | D:14     | Received a gift from Okawaru
 12222 | D:14     | Noticed an ettin
 12255 | D:14     | Killed an ettin
 12383 | D:14     | Found a gate to the Vaults.
 12419 | D:14     | Noticed a tengu warrior
 12441 | D:14     | Killed a tengu warrior
 12610 | D:14     | Noticed a death knight
 12612 | D:14     | Found a transporter.
 12623 | D:14     | Noticed a vampire knight
 12755 | D:14     | Noticed Roxanne
 13001 | D:14     | Noticed a boulder beetle
 13026 | D:14     | Killed a boulder beetle
 13027 | D:14     | Reached skill level 10 in Fighting
 13920 | D:14     | Gained mutation: You sometimes emit foul miasma when
                  | damaged in melee. [demonic ancestry]
 13920 | D:14     | Reached XP level 13. HP: 85/103 MP: 20/20
 14411 | D:15     | Entered Level 15 of the Dungeon
 14675 | D:15     | Received a gift from Okawaru
 14759 | D:15     | Slain by a phantasmal warrior

Illustrated notes

Levels and vault maps discovered:
D:1:      lightli_arrival_flooded_house, layout_rooms, serial_corexii_hall,
          chequers_hall_statues_y, chequers_hall_statues_y, serial_bayou_pond_c,
          minmay_tall_x
D:2:      layout_loops_ring, serial_shops, shop, uniq_natasha
D:3:      minmay_chambers_of_threes, layout_loops_cross, old_standard_altar,
          nicolae_dithmenos_the_darkroom, serial_shops,
          nicolae_shop_advertising_works [nicolae_subvault_shop_adworks],
          uniq_terence
D:4:      layout_rooms, lemuel_crystal_altar, ashenzari_conservatory_becter,
          serial_shops, nicolae_shop_overgrown_old_shop,
          minmay_fractal_squares_5
D:5:      layout_basic, temple_statues, supply_closet_lemuel
D:6:      layout_cave_pools, grunt_temple_overflow_open, serial_gnoll_camp,
          gnoll_camp_huts_moat, grums_kennel, gnoll_camp_medium_02,
          gnoll_camp_mini_loothouse, gnoll_camp_mini_hut, gnoll_camp_mini_basic
D:7:      layout_loops_ring
D:8:      layout_loops_ring, amethyst_killhole, kennysheep_small_spiral,
          uniq_jeremiah, uniq_maurice, uniq_joseph
D:9:      layout_roguey, lightli_temple_of_fire,
          mainiacjoe_overflow_small_starburst, mainiacjoe_overflow_alcove_1,
          minmay_orc_entry_temple_small
D:10:     layout_roguey, vehumet_altar_wand_db, david_lair_generic,
          serial_shops, nicolae_shop_behind_doors, kennysheep_doodads
D:11:     layout_roguey [special_room_bee], tso_altar
D:12:     layout_grid_maze, roderic_lattice_a
D:13:     layout_cave_pools, serial_shops, shop
D:14:     layout_stronghold, david_vaults_4, gammafunk_ghost_mausoleum,
          uniq_roxanne
D:15:     grunt_enter_depths_snipers, layout_basic, nemelex_lonely_heart_becter,
          nicolae_hepliaklqana_hippocampus
Temple:   chequers_temple_sunken

Skill      XL: |  1  2  3  4  5  6  7  8  9 10 11 12 |
---------------+-------------------------------------+-----
Axes           | 2 |  2.0
Shields        | 3 4 5 6 7 8 9 |  9.4
Armour         | 3 4 5 6 7 8 9 |  9.3
Unarmed Combat | 1 2 3 4 5 6 7 8 |  8.6
Short Blades   | 1 |  1.0
Fighting       | 4 5 6 7 9 10 | 10.2
Maces & Flails | 1 2 3 5 6 7 8 |  8.6
Invocations    | 2 5 7 8 10 | 10.7

Action                     |  1- 3 |  4- 6 |  7- 9 | 10-12 | 13-15 || total
---------------------------+-------+-------+-------+-------+-------++-------
  Melee: War axe           |    61 |       |       |       |       ||    61
         Unarmed           |     8 |       |       |       |       ||     8
         Dagger            |    19 |    41 |       |       |       ||    60
         Whip              |       |   133 |   457 |  1250 |   212 ||  2052
  Throw: Javelin           |       |       |       |     5 |       ||     5
 Invoke: Heroism           |       |       |     1 |     2 |     1 ||     4
         Finesse           |       |       |       |     2 |       ||     2
  Evoke: Wand              |       |       |     1 |     8 |       ||     9
    Use: Scroll            |     6 |     6 |     8 |     9 |     1 ||    30
         Potion            |     1 |     1 |     2 |     7 |     3 ||    14
   Stab: Invisible         |       |       |     1 |       |       ||     1
 Armour: Scale mail        |    83 |    21 |       |       |       ||   104
         Chain mail        |       |    39 |       |       |       ||    39
         Plate armour      |       |    58 |   306 |   928 |   180 ||  1472
  Dodge: Dodged            |    48 |    40 |   135 |   236 |    45 ||   504
  Block: Buckler           |    22 |    46 |   276 |   581 |   110 ||  1035
         Reflection        |       |       |    16 |    20 |       ||    36

Table legend: (Time is in decaauts)
 A = Elapsed time spent in this place.
 B = Non-inter-level travel time spent in this place.
 C = Inter-level travel time spent in this place.
 D = Time resting spent in this place.
 E = Time spent auto-exploring this place.
 F = Levels seen in this place.
 G = Mean time per level.
                   A        B        C        D        E       F      G
               +--------+--------+--------+--------+--------+-----+--------+
         Total |  14420 |  13422 |    998 |    850 |   9297 |  16 |  901.2 |
       Dungeon |  14364 |  13419 |    945 |    850 |   9297 |  15 |  957.6 |
        Temple |     56 |      3 |     53 |      0 |      0 |   1 |   56.0 |
               +--------+--------+--------+--------+--------+-----+--------+

Top non-repeatable levels by time:
    D:14: 2467 daAuts
    D:12: 1541 daAuts
    D:13: 1077 daAuts
     D:8: 1066 daAuts
     D:2: 1051 daAuts
     D:6: 1032 daAuts
     D:3: 1001 daAuts
    D:11: 939 daAuts
     D:9: 759 daAuts
     D:7: 718 daAuts
    D:10: 705 daAuts
     D:5: 598 daAuts
     D:4: 564 daAuts
     D:1: 526 daAuts
    D:15: 312 daAuts
